 Dungeon Crawl Stone Soup version 0.31-a0-557-g6e16503903 (webtiles) character file.

Game seed: 10417159981913837499

228 Ofeo the Trooper (level 5, -4/49 HPs)
             Began as a Draconian Hexslinger on Aug 16, 2023.
             Slain by an iguana (12 damage)
             ... on level 3 of the Dungeon.
             The game lasted 00:03:42 (2449 turns).

Ofeo the Trooper (Draconian Hexslinger)             Turns: 2449, Time: 00:03:42

Health: -4/49      AC:  5    Str: 11    XL:     5   Next: 70%
Magic:  7/7        EV: 13    Int: 13    God:
Gold:   223        SH:  0    Dex: 21    Spells: 5/6 levels left

rFire   . . .        a - +1 sling (heavy)
rCold   . . .        (no shield)
rNeg    . . .        (body armour unavailable)
rPois   .            (helmet restricted)
rElec   .            (no cloak)
rCorr   .            (no gloves)
SInv    .            (no boots)
Will    .....        (no amulet)
Stlth   ++           f - +6 ring of dexterity
HPRegen 0.28/turn    (no ring)
MPRegen 0.10/turn

%: no passive effects
@: no status effects
A: AC +5, unfitting armour, cold-blooded
a: no special abilities


You were on level 3 of the Dungeon.
You visited 1 branch of the dungeon, and saw 4 of its levels.

You collected 223 gold pieces.

Inventory:

Hand Weapons
 a - a +1 heavy sling (weapon)
Missiles
 e - a throwing net
Jewellery
 f - a +6 ring of dexterity (left hand)
Wands
 d - a wand of polymorph (3)
Scrolls
 b - a scroll of poison
 g - a scroll of teleportation {@r3}
Potions
 c - a potion of brilliance
 h - a potion of mutation {unknown}
 i - a potion of curing {unknown}
 j - 2 potions of lignification {unknown}


   Skills:
 + Level 5.6 Fighting
 - Level 2.1 Ranged Weapons
 - Level 2.1 Dodging
 - Level 1.4 Spellcasting
 - Level 2.9 Hexes


You had 5 spell levels left.
You knew the following spells:

 Your Spells              Type           Power      Damage    Failure   Level
a - Slow                  Hex            32%        N/A       9%          1

Your spell library contained the following spells:

 Spells                   Type           Power      Damage    Failure   Level
 Summon Small Mammal      Summ           0%         N/A       26%         1
 Inner Flame              Hex/Fire       4%         N/A       41%         3
 Portal Projectile        Hex/Tloc       8%         N/A       41%         3
 Summon Guardian Golem    Hex/Summ       4%         N/A       41%         3
 Call Canine Familiar     Summ           0%         N/A       63%         3
 Cause Fear               Hex            4%         N/A       63%         4


Dungeon Overview and Level Annotations

Branches:
Dungeon (4/15)
 Temple: D:4-7

Altars:
Cheibriados
Uskayaw

Shops:
D:2 :

Annotations:
D:2 Natasha
D:3 2 transporters, sjdagoat's ghost, weakling DsNe


Innate Abilities, Weirdness & Mutations

Your plain brown scales are hard. (AC +5)
You cannot fit into any form of body armour.
You are cold-blooded and may be slowed by cold attacks.


Message History

You shoot a sling bullet.
The sling bullet hits the scorpion but does no damage.
The scorpion is severely wounded.
The scorpion stings you.
The scorpion stings you but does no damage.
You take 4 damage, and have 40/47 hp.
You shoot a sling bullet.
The sling bullet barely misses the scorpion.
The scorpion barely misses you. x2; The dart slug closely misses you.
The dart slug bites you but does no damage.
The scorpion misses you. The iguana bites you.
You take 1 damage, and have 39/47 hp.
The scorpion stings you but does no damage.
The iguana bites you!
You climb upwards.
Level annotation: 2 transporters, sjdagoat's ghost, weakling DsNe
There is a stone staircase leading down here.
You take 11 damage, and have 28/47 hp.
MASSIVE DAMAGE!!
You are too injured to fight recklessly!
You shoot a sling bullet. The sling bullet hits the scorpion!
You kill the scorpion!
The dart slug misses you. The iguana bites you.
The dart slug barely misses you.
Your Fighting skill increases to level 5!
You take 1 damage, and have 27/48 hp.
You shoot a sling bullet. The sling bullet hits the dart slug.
The dart slug is heavily wounded.
The iguana bites you but does no damage.
The iguana bites you! The dart slug barely misses you.
You take 7 damage, and have 20/48 hp.
You shoot a sling bullet. The sling bullet hits the dart slug!
You kill the dart slug!
The iguana bites you!
* * * LOW HITPOINT WARNING * * *
The iguana closely misses you.
You take 13 damage, and have 7/49 hp.
MASSIVE DAMAGE!!
You shoot a sling bullet. The sling bullet hits the iguana!
The iguana is heavily wounded.
The iguana barely misses you. The iguana bites you!
You die...

##.......................
##...........#............
#............######.....##
#..........###### #.....#
#...............###.....##
#................)........
#.........................
##........#.....#.........
##......l@#..####.........
#............####.........
#..............##.........
#.........................
#.......≈≈≈≈≈≈≈≈≈≈≈...≈≈≈≈
##.......≈≈≈≈≈≈≈≈≈≈≈...≈≈≈≈
#........≈≈#####...........
#........≈≈#.#.#.###.©.###.
#........≈≈#...###.#####©##


You could see an iguana.

Vanquished Creatures
  A scorpion (D:3)
  Terence (D:3)
  A mummy (D:3)
  Robin (D:3)
  3 adders
  5 dart slugs
  4 orcs (D:3)
  4 ball pythons
  4 bats
  8 endoplasms
  4 giant cockroaches
  5 hobgoblins
  2 jackals (D:1)
  7 kobolds
  4 quokkas (D:1)
  15 goblins
  4 rats
73 creatures vanquished.

Notes
Turn   | Place    | Note
-------+----------+-------------------------------------------
     0 | D:1      | Ofeo the Draconian Hexslinger began the quest for the Orb.
     0 | D:1      | Reached XP level 1. HP: 16/16 MP: 2/2
   146 | D:1      | Reached XP level 2. HP: 19/23 MP: 3/3
   583 | D:1      | Reached XP level 3. HP: 29/29 MP: 5/5
   692 | D:1      | Reached skill level 2 in Fighting
  1051 | D:2      | Found Menecew's Book Emporium.
  1249 | D:2      | Reached skill level 3 in Fighting
  1446 | D:3      | Noticed Robin
  1448 | D:3      | Reached XP level 4. HP: 38/38 MP: 6/6
  1510 | D:3      | Killed Robin
  1594 | D:3      | Reached skill level 4 in Fighting
  1711 | D:3      | Noticed a +0 dagger
  1711 | D:3      | Noticed a +0 dagger
  1711 | D:3      | Noticed a +0 falchion
  1712 | D:3      | Noticed a +0 falchion
  1712 | D:3      | Noticed a +0 spear
  1712 | D:3      | Noticed a +0 short sword
  1713 | D:3      | Noticed a +0 spear
  1713 | D:3      | Noticed a +0 short sword
  1720 | D:3      | Found a hide-covered altar of Uskayaw.
  1728 | D:3      | Found a snail-covered altar of Cheibriados.
  1794 | D:3      | Noticed Natasha
  1970 | D:3      | Noticed Terence
  1977 | D:3      | Killed Terence
  1978 | D:3      | Reached XP level 5. HP: 40/47 MP: 7/7
  2129 | D:3      | Found a transporter.
  2140 | D:3      | Found a transporter.
  2153 | D:3      | Noticed sjdagoat's ghost (weakling DsNe)
  2447 | D:3      | Reached skill level 5 in Fighting
  2449 | D:3      | Slain by an iguana

Illustrated notes

Levels and vault maps discovered:
D:1:      tarquinn_simple_flora_water_c, layout_loops_cross,
          minmay_misc_feat_pillars
D:2:      layout_rooms, serial_shops, shop
D:3:      layout_rooms, slow_altar_1, nicolae_uskayaw_en_pointe,
          gammafunk_ghost_gnarly_gnolls, uniq_natasha, uniq_terence, uniq_robin
D:4:      wander_river, layout_cave_pools, mainiacjoe_overflow_chevrons,
          cheibrodos_sewer_entry_bend

Skill      XL: |  1  2  3  4  5 |
---------------+----------------+-----
Ranged Weapons | 2 |  2.1
Dodging        | 2 |  2.1
Fighting       | 3 4 5 |  5.6
Spellcasting   | |  1.4
Hexes          | |  2.9

Action                     |  1- 3 |  4- 6 || total
---------------------------+-------+-------++-------
  Melee: Unarmed           |       |     4 ||     4
   Fire: Sling             |   128 |    80 ||   208
    Use: Scroll            |     5 |       ||     5
         Potion            |       |     2 ||     2
 Armour: Skin              |    25 |    27 ||    52
  Dodge: Dodged            |    50 |    86 ||   136

Table legend: (Time is in decaauts)
 A = Elapsed time spent in this place.
 B = Non-inter-level travel time spent in this place.
 C = Inter-level travel time spent in this place.
 D = Time resting spent in this place.
 E = Time spent auto-exploring this place.
 F = Levels seen in this place.
 G = Mean time per level.
                   A        B        C        D        E       F      G
               +--------+--------+--------+--------+--------+-----+--------+
         Total |   2573 |   2454 |    119 |     93 |   1742 |   4 |  643.2 |
       Dungeon |   2573 |   2454 |    119 |     93 |   1742 |   4 |  643.2 |
               +--------+--------+--------+--------+--------+-----+--------+

Top non-repeatable levels by time:
     D:3: 878 daAuts
     D:1: 846 daAuts
     D:2: 841 daAuts
     D:4: 7 daAuts
